 Dungeon Crawl Stone Soup version 0.26-a0-257-g47e9e61525 (webtiles) character file.

Game seed: 13921522244789822240

144 BritishOli the Skirmisher (level 5, 42/42 HPs)
             Began as a Demonspawn Fighter on July 10, 2020.
             Quit the game on level 3 of the Dungeon.
             The game lasted 00:03:10 (3426 turns).

BritishOli the Skirmisher (Demonspawn Fighter)      Turns: 3426, Time: 00:03:11

Health: 42/42      AC:  8    Str: 17    XL:     5   Next: 5%
Magic:  5/5        EV:  7    Int: 10    God:
Gold:   238        SH: 13    Dex: 12    Spells: 4/4 levels left

rFire    + . .     SeeInvis .   a - +0 long sword
rCold    + . .     Faith    .   c - +0 kite shield
rNeg     . . .     Spirit   .   b - +0 scale mail
rPois    .         Reflect  .   i - +0 helmet
rElec    .         Harm     .   (no cloak)
rCorr    .                      (no gloves)
MR       .....                  (no boots)
Stlth    ..........             (no amulet)
HPRegen  0.14/turn              g - ring of protection from fire
MPRegen  0.09/turn              (no ring)

@: no status effects
A: large bone plates 1, cold resistance 1, spiny 1
a: no special abilities


You were on level 3 of the Dungeon.
You were not hungry.

You visited 1 branch of the dungeon, and saw 3 of its levels.

You collected 238 gold pieces.

Inventory:

Hand Weapons
 a - a +0 long sword (weapon)
Armour
 b - a +0 scale mail (worn)
 c - a +0 kite shield (worn)
 i - a +0 helmet (worn)
Jewellery
 g - a ring of protection from fire (left hand)
 m - a cursed amulet of inaccuracy {unknown}
 p - a +4 ring of evasion
 s - an uncursed ring of poison resistance {unknown}
Scrolls
 e - 2 scrolls of remove curse
 h - a scroll of teleportation {unknown}
 l - a scroll of identify {unknown}
 o - a scroll of magic mapping {unknown}
 r - a scroll of enchant armour {unknown}
Potions
 d - a potion of might
 j - a potion of lignification {unknown}
 k - a potion of curing {unknown}
 n - a potion of cancellation {unknown}
 q - a potion of stabbing {unknown}
Comestibles
 f - 5 rations


   Skills:
 + Level 3.8 Fighting
 + Level 2.8 Long Blades
 + Level 3.5 Armour
 + Level 3.4 Shields


You had 4 spell levels left.
You didn't know any spells.
Your spell library was empty.

Dungeon Overview and Level Annotations

Branches:
Dungeon (3/15)

Altars:
Nemelex Xobeh


Innate Abilities, Weirdness & Mutations

You are partially covered in large bone plates. (SH +4)
Your flesh is cold resistant. (rC+)
You are partially covered in sharp spines.


Message History

The goblin is heavily wounded.
You block the goblin's attack.
A goblin is nearby!
You completely miss the goblin.
The goblin is heavily wounded.
The goblin is struck by your spines.
You kill the goblin!
You see here a goblin corpse.
A bat comes into view.
A bat is nearby!
You block the bat's attack.
A bat is nearby!
You closely miss the bat. The bat is struck by your spines.
You kill the bat!
Found a stone staircase leading down.
f - 5 rations (gained 2) No target in view!
A rat and a quokka come into view.
There are monsters nearby!
Are you sure you want to abandon this character and quit the game? (Confirm with "yes".)

##.......
......<.. ...
#........ ... #.#
#..####.. ...
...# #..# #.#
#..# ...# # #r#
#..# ##.# #.##.#
#..# #.# #...r#
#..# #.#
#.@###..## #.#
#.....>..# ##.#
###.#.###...#
...# ..###......#
##.##
###.#.###.#.#
#..#
#.........#.#
##.#
#.##.######.# #.#
#.##.# #.#
###.########.##.#
#.#


You could see a quokka and a rat.

Vanquished Creatures
  A worker ant (D:2)
  Robin (D:3)
  An adder (D:2)
  An ooze (D:2)
  A worm (D:3)
  2 dart slugs
  3 leopard geckos
  5 orcs (D:3)
  4 giant cockroaches
  11 goblins
  8 hobgoblins
  6 jackals
  4 kobolds
  A quokka (D:2)
  14 bats
  4 frilled lizards (D:1)
  9 rats
76 creatures vanquished.

Notes
Turn   | Place    | Note
-------+----------+-------------------------------------------
     0 | D:1      | BritishOli the Demonspawn Fighter began the quest for the
                  | Orb.
     0 | D:1      | Reached XP level 1. HP: 18/18 MP: 1/1
   255 | D:1      | Gained mutation: Your flesh is cold resistant. (rC+)
                  | [demonic ancestry]
   255 | D:1      | Reached XP level 2. HP: 24/24 MP: 2/2
  1288 | D:2      | Gained mutation: You are partially covered in large bone
                  | plates. (SH +4) [demonic ancestry]
  1288 | D:2      | Reached XP level 3. HP: 29/29 MP: 3/3
  2499 | D:3      | Reached XP level 4. HP: 18/35 MP: 4/4
  2754 | D:3      | Noticed Robin
  2755 | D:3      | Found a sparkling altar of Nemelex Xobeh.
  2921 | D:3      | Killed Robin
  3263 | D:3      | Gained mutation: You are partially covered in sharp spines.
                  | [demonic ancestry]
  3263 | D:3      | Reached XP level 5. HP: 42/42 MP: 5/5
  3426 | D:3      | Quit the game

Illustrated notes

Levels and vault maps discovered:
D:1:      ebering_trefoil_twist, layout_basic
D:2:      layout_basic, minmay_tromino_i4
D:3:      layout_loops_ring, old_standard_altar, small_statue_intersection,
          kennysheep_cross_room, uniq_robin

Skill      XL: |  1  2 |
---------------+-------+-----
Long Blades    | 2 |  2.8
Shields        | 3 |  3.4
Armour         | 3 |  3.5
Fighting       | |  3.8

Action                   |  1- 3 |  4- 6 || total
-------------------------+-------+-------++-------
Melee: Long sword        |   167 |    88 ||   255
  Use: Scroll            |     1 |       ||     1
  Eat: Ration            |     2 |     1 ||     3
Armor: Scale mail        |   107 |    41 ||   148
Dodge: Dodged            |    62 |    24 ||    86
Block: Kite shield       |   133 |    98 ||   231
       Rpst.: Long sword |    27 |     7 ||    34

Table legend:
 A = Non-vault XP
 B = Vault XP
 C = Vault XP percentage of total XP
 D = Non-vault monster count
 E = Vault monster count
 F = Vault count percentage of total count
                 A         B        C        D         E       F
            +---------+---------+-------+---------+---------+-------
      Total |     154 |      52 |  25.2 |      62 |      14 |  18.4
            +---------+---------+-------+---------+---------+-------
        D:1 |      25 |       0 |   0.0 |      18 |       0 |   0.0
        D:2 |      71 |      26 |  26.8 |      18 |       8 |  30.8
        D:3 |      58 |      26 |  31.0 |      26 |       6 |  18.8
            +---------+---------+-------+---------+---------+-------
